 Dungeon Crawl Stone Soup version 0.20-a0-435-gf4ea4dd (webtiles) character file.

5418 Amnesiac the Covert (level 10, -2/70 HPs)
             Began as a Vampire Enchanter on Jan 6, 2017.
             Was an Initiate of Gozag.
             Slain by a two-headed ogre
             ... wielding a +0 giant spiked club
              (22 damage)
             ... on level 9 of the Dungeon.
             The game lasted 00:19:12 (10268 turns).

Amnesiac the Covert (Vampire Enchanter)            Turns: 10268, Time: 00:19:14

Health: -2/70      AC:  9    Str:  9    XL:     10   Next: 40%
Magic:  0/17       EV: 16    Int: 18    God:    Gozag
Gold:   1077       SH:  0    Dex: 18    Spells: 7/19 levels left

rFire  . . .     SeeInvis +     a - +1 dagger
rCold  + + .     Gourm    .     t - +2 leather armour {rC+}
rNeg   + + .     Faith    +     (no shield)
rPois  +         Spirit   .     (no helmet)
rElec  .         Reflect  .     E - +2 cloak {rPois}
rCorr  .         Harm     .     w - +0 pair of gloves
MR     +....                    (no boots)
Stlth  ++++++....               I - amulet of faith
                                p - ring of poison resistance
                                i - +2 ring of strength

@: very slightly contaminated, regenerating slowly
A: fangs 3, see invisible, unbreathing
a: Bat Form, Potion Petition, Call Merchant, Bribe Branch, Renounce Religion


You were on level 9 of the Dungeon.
You worshipped Gozag.
Gozag was most pleased with you.
You were near bloodless.

You visited 2 branches of the dungeon, and saw 10 of its levels.

You collected 1212 gold pieces.
You paid 135 gold pieces to Gozag.

Inventory:

Hand Weapons
 a - a +1 dagger (weapon)
 d - the cursed +3 long sword of Epuoh {drain, rF+ rN+, unknown}
   (You found it on level 7 of the Dungeon)

   A truly terrible weapon, it drains the life of those it strikes.
   It protects you from fire.
   It protects you from negative energy.
   It has a curse placed upon it.
 B - a +2 short sword of draining
 L - a +2 dagger of pain
Missiles
 n - 8 curare-tipped needles
 y - 2 throwing nets (quivered)
Armour
 t - a +2 leather armour of cold resistance (worn)
 w - a +0 pair of gloves (worn)
 E - a +2 cloak of poison resistance (worn)
Jewellery
 i - a +2 ring of strength (left hand)
 p - a ring of poison resistance (right hand)
 I - an amulet of faith (around neck)
Wands
 k - a wand of random effects (21/48)
 F - a wand of paralysis (0/24)
 H - a wand of paralysis (20/24)
Scrolls
 b - 3 scrolls of fear {unknown}
 e - a scroll of fog {unknown}
 f - 3 scrolls of enchant armour {unknown}
 g - 6 scrolls of teleportation
 h - 14 scrolls of remove curse
 l - 5 scrolls of identify {unknown}
 o - 2 scrolls of amnesia {unknown}
 q - 3 scrolls of immolation {unknown}
 u - 2 scrolls of noise {unknown}
 v - 2 scrolls of enchant weapon {unknown}
 C - 2 scrolls of magic mapping {unknown}
 J - a scroll of vulnerability {unknown}
Potions
 j - 5 potions of flight {unknown}
 m - 2 potions of heal wounds {unknown}
 r - a potion of beneficial mutation {unknown}
 s - 2 potions of degeneration {unknown}
 x - a potion of mutation {unknown}
 z - 5 potions of curing {unknown}
 A - a potion of experience {unknown}
 D - a potion of agility {unknown}
 G - 2 potions of berserk rage {unknown}
 K - a potion of brilliance {unknown}
Books
 c - a book of Maledictions

   Spells                             Type                      Level
   a - Corona                         Hexes                        1
   b - Ensorcelled Hibernation        Hexes/Ice                    2
   c - Confuse                        Hexes                        3
   d - Tukima's Dance                 Hexes                        3
   e - Dazzling Spray                 Conjuration/Hexes            3


   Skills:
 + Level 3.2 Fighting
 + Level 5.8 Short Blades
 + Level 6.9 Dodging
 * Level 12.8 Stealth
 + Level 5.3 Spellcasting
 * Level 12.2 Hexes


You had 7 spell levels left.
You knew the following spells:

 Your Spells              Type           Power        Failure   Level  Hunger
a - Dazzling Spray        Conj/Hex       ####..       6%          3    ##.....
e - Confuse               Hex            #####...     1%          3    ##.....
f - Corona                Hex            #####..      1%          1    None
w - Tukima's Dance        Hex            #####...     1%          3    ##.....
z - Ensorcelled Hibernat  Hex/Ice        ####..       2%          2    #......


Dungeon Overview and Level Annotations

Branches:
Dungeon (9/15)             Temple (1/1) D:5
   Lair: D:8-11         Orc: D:9-12

Altars:
Ashenzari
Cheibriados
Elyvilon
Fedhas
Gozag
Hepliaklqana
Makhleb
Okawaru
Ru
Sif Muna
Trog
Uskayaw
Vehumet
Xom
Yredelemnul
Zin
The Shining One

Shops:
D:4 *   D:6 :


Innate Abilities, Weirdness & Mutations

You heal slowly.
You have razor-sharp teeth.
You have supernaturally acute eyesight. (SInv)
You can survive without breathing.


Message History

Aiming: Paralyse (will waste charges)
Press: ? - help, Shift-Dir - straight line, f/p - two-headed ogre
Aim: a two-headed ogre, wielding a giant spiked club and a giant club (heavily wounded, fast, chance to defeat MR: 28%)
The two-headed ogre easily resists.
Evoking this partially-identified wand wasted a few charges.
The two-headed ogre hits you with a giant spiked club!
The two-headed ogre hits you with a giant club!!
* * * LOW HITPOINT WARNING * * *
The two-headed ogre closely misses you. The two-headed ogre misses you.
The two-headed ogre barely misses you. x2
Casting: Ensorcelled Hibernation
Confirm with . or Enter, or press ? or * to list all spells.
Aiming: Ensorcelled Hibernation
Press: ? - help, Shift-Dir - straight line, f/p - two-headed ogre
Aim: a two-headed ogre, wielding a giant spiked club and a giant club (heavily wounded, fast, chance to defeat MR: 37%)
The two-headed ogre easily resists.
The two-headed ogre completely misses you.
The two-headed ogre hits you with a giant club!!
You die...
Your body crumbles into a pile of gold.

$ $ ### ## #.# #### ## .#
#.######..# $ ..
####.........############# .#.#
......................%..#####.$#
.........................#.#.o..#
................@O..........##$.#
#'###............[.$$$.$..###.#.#
#...................)$.$.## ###.#
#.#####'#########+#####..# ##
#.#.........# #.....
#.#.#######.# #....... ..# $
#....... ..# #....... ..+
+.......


You could see a two-headed ogre.

Vanquished Creatures
  A two-headed ogre (D:8)
  The ghost of Graouh the Carver, a novice MiFi of Okawaru (D:8)
  Grinder (D:6)
  The ghost of PinkishYellow the Ruffian, an amateur VSTm (D:4)
  Eustachio (D:5)
  Menkaure (D:6)
  Edmund (D:6)
  2 water moccasins (D:4)
  2 orc warriors (D:9)
  2 ice beasts
  2 sky beasts
  5 ogres
  2 phantoms (D:5)
  The ghost of PinkishYellow the Chopper, an amateur DsBe of Trog (D:3)
  2 centaurs (D:8)
  3 bullfrogs
  Blork the orc (D:5)
  2 scorpions
  3 killer bees (D:9)
  4 howler monkeys
  3 crimson imps
  2 bullfrog zombies
  2 hounds
  An orc priest (D:7)
  4 jellies
  Crazy Yiuf (D:7)
  2 bullfrog skeletons
  5 orc wizards
  4 iguanas
  12 worker ants
  3 hound skeletons
  7 adders
  A howler monkey skeleton (D:8)
  2 oozes
  An adder skeleton (D:4)
  6 worms
  4 dart slugs
  A leopard gecko (D:1)
  18 orcs
  8 giant cockroaches
  10 goblins
  8 hobgoblins
  15 jackals
  3 quokkas
  A ball python (D:4)
  8 bats
  A frilled lizard (D:4)
  A jackal skeleton (D:4)
  A jackal zombie (D:6)
  8 kobolds
  2 leopard gecko skeletons
  A quokka skeleton (D:5)
  A quokka zombie (D:6)
  10 rats
195 creatures vanquished.

Vanquished Creatures (collateral kills)
  An orc warrior (D:9)
  An orc (D:9)
2 creatures vanquished.

Grand Total: 197 creatures vanquished

Notes
Turn   | Place    | Note
-------+----------+-------------------------------------------
     0 | D:1      | Amnesiac the Vampire Enchanter began the quest for the Orb.
     0 | D:1      | Reached XP level 1. HP: 13/13 MP: 3/3
   205 | D:1      | Reached XP level 2. HP: 11/19 MP: 3/5
   798 | D:1      | Reached skill level 5 in Hexes
   985 | D:1      | Learned a level 2 spell: Ensorcelled Hibernation
  1468 | D:2      | Reached XP level 3. HP: 24/24 MP: 3/6
  1473 | D:2      | Learned a level 3 spell: Confuse
  1580 | D:2      | Reached skill level 5 in Stealth
  2164 | D:3      | Noticed PinkishYellow's ghost (amateur DsBe)
  2925 | D:4      | Reached XP level 4. HP: 29/30 MP: 7/7
  3166 | D:4      | Reached XP level 5. HP: 35/35 MP: 1/8
  3179 | D:4      | Noticed PinkishYellow's ghost (amateur VSTm)
  3373 | D:4      | Killed PinkishYellow's ghost
  3373 | D:4      | Reached XP level 6. HP: 20/41 MP: 1/9
  3881 | D:4      | Found Zuicof's Serpentskin Sales.
  3881 | D:4      | Noticed a water moccasin
  3881 | D:4      | Noticed a water moccasin
  3885 | D:4      | Killed a water moccasin
  3885 | D:4      | Reached XP level 7. HP: 44/46 MP: 6/11
  4821 | D:5      | Entered Level 5 of the Dungeon
  4846 | D:5      | Learned a level 3 spell: Dazzling Spray
  4850 | D:5      | Learned a level 3 spell: Tukima's Dance
  4986 | D:5      | Reached XP level 8. HP: 17/52 MP: 2/13
  5194 | D:5      | Noticed Blork the orc
  5203 | D:5      | Killed Blork the orc
  5319 | D:5      | Noticed Eustachio
  5320 | D:5      | Killed Eustachio
  5320 | D:5      | Reached skill level 5 in Dodging
  5847 | D:6      | Reached skill level 10 in Stealth
  5872 | D:6      | Found Ohaig's Book Shop.
  6040 | D:6      | Noticed Grinder
  6040 | D:6      | Noticed Edmund
  6046 | D:6      | Killed Edmund
  6054 | D:6      | Killed Grinder
  6054 | D:6      | Reached skill level 1 in Fighting
  6054 | D:6      | Reached skill level 10 in Hexes
  6054 | D:6      | Reached XP level 9. HP: 59/59 MP: 10/15
  6131 | D:6      | Noticed Menkaure
  6135 | D:6      | Killed Menkaure
  6763 | D:5      | Found a staircase to the Ecumenical Temple.
  6789 | Temple   | Entered the Ecumenical Temple
  6890 | Temple   | Became a worshipper of Gozag Ym Sagoz the Greedy
  7008 | D:3      | Killed PinkishYellow's ghost
  7916 | D:3      | Reached skill level 5 in Short Blades
  8519 | D:7      | Found a hide-covered altar of Uskayaw.
  8519 | D:7      | Noticed a hand axe
  8519 | D:7      | Noticed a dagger
  8530 | D:7      | Found a radiant altar of Vehumet.
  8566 | D:7      | Found a runed door.
  9030 | D:7      | Got a slimy long sword
  9244 | D:7      | Noticed Crazy Yiuf
  9248 | D:7      | Killed Crazy Yiuf
  9435 | D:8      | Noticed a two-headed ogre
  9440 | D:8      | Killed a two-headed ogre
  9618 | D:8      | Reached skill level 5 in Spellcasting
  9618 | D:8      | Reached XP level 10. HP: 43/68 MP: 17/17
  9793 | D:8      | Noticed Graouh's ghost (novice MiFi)
  9825 | D:8      | Killed Graouh's ghost
 10023 | D:8      | Found a glowing silver altar of Zin.
 10023 | D:8      | Found a glowing golden altar of the Shining One.
 10023 | D:8      | Found a shattered altar of Ashenzari.
 10028 | D:8      | Found a sacrificial altar of Ru.
 10244 | D:9      | Noticed a two-headed ogre
 10268 | D:9      | Slain by a two-headed ogre

Vault maps used:
D:1:      mushboom_english_gardens
D:2:      minmay_pentomino_u4
D:3:      wad_crossroads
D:4:      first_bread, guppyfry_shop_venom
D:5:      kennysheep_six_static_rooms, uniq_blork_the_orc, uniq_eustachio
D:6:      serial_shops, kennysheep_mini, minivault_27, uniq_menkaure,
          uniq_grinder, uniq_edmund
D:7:      dancing_weapons_uskayaw, basic_altar, uniq_crazy_yiuf_cottage
D:8:      minitemple, grunt_ogre_cave, grunt_ministairs_7
D:9:      minmay_goldmine, lair_entry_dummy, basic_altar,
          nicolae_zen_rock_garden, minmay_misc_feat_room, minmay_the_grid_2x2
Temple:   regret_index_temple_sphere_string

Skill      XL: |  1  2  3  4  5  6  7  8  9 10 |
---------------+-------------------------------+-----
Hexes          | 5 6 7 8 10 11 12 | 12.2
Stealth        | 5 6 7 8 10 12 | 12.8
Dodging        | 3 4 5 6 |  6.9
Short Blades   | 2 3 4 5 |  5.8
Spellcasting   | 3 4 5 |  5.3
Fighting       | 1 2 3 |  3.2

Action                   |  1- 3 |  4- 6 |  7- 9 | 10-12 || total
-------------------------+-------+-------+-------+-------++-------
Melee: Dagger            |   124 |    25 |   294 |    83 ||   526
       Bite              |     5 |     1 |    22 |    10 ||    38
 Cast: Corona            |    18 |       |       |     1 ||    19
       Ensorcelled Hiber |    25 |    22 |    86 |    24 ||   157
       Confuse           |     8 |     5 |    21 |     5 ||    39
       Dazzling Spray    |       |       |     2 |       ||     2
       Tukima's Dance    |       |       |       |     1 ||     1
Evoke: Wand              |       |       |       |     3 ||     3
  Use: Potion            |     3 |     1 |       |       ||     4
       Scroll            |       |       |     2 |       ||     2
 Stab: Sleeping          |    20 |    11 |    77 |    20 ||   128
       Confused          |       |     2 |    16 |     8 ||    26
       Distracted        |       |       |     3 |     2 ||     5
       Invisible         |       |       |     1 |       ||     1
       Paralysed         |       |       |       |     1 ||     1
Armor: Robe              |    16 |       |     7 |       ||    23
       Leather armour    |       |       |    41 |    11 ||    52
Dodge: Dodged            |    65 |    14 |   191 |    70 ||   340
